woodfighter, chaotic female orcish Cavewoman ----------- ---..<......| ---------- ------------- |(..........| |........| |%%%%.......| |...........| |........-# |.%.[%......| |...........| |........|# |.%%%[..(...| ##-...........| |........|# #-.%%.%\....-- # |.........--- |.....@..|# #|.)%.%.....| ### ---.-.----- ------g---# #------------ # ### ## # #### ----- ### ## # # # |...| # ### ### # # --...--# ## # # # |>.....# #### ### # ------------# |.....|### # ( ----.-- ## |..........|# --..)-- # -|--.--- |.....| #----- |...........# |...| #### .......| #-.....| #|}}.| #-..........| ----- # |.......########|.....| #.}...#####------------ ###.....#.| |......######|...| -------- ------- ---.- # woodfighter the Cave Woman Experience level: 10 Strength: 18/07 Dexterity: 14 Constitution: 18 Intelligence: 9 Wisdom: 9 Charisma: 11 Health: 0(87) Energy: 32(32) Def: 12 Gold: 1503 Moves: 12551 Dungeon seed: x5v_dxJDMrhZTxYg Game ID: woodfighter_1477220910 Your Inventory: Coins $ - 1503 gold pieces Amulets B - an uncursed amulet of reflection (being worn) Weapons a - a +0 dwarvish spear named main (weapon in hand) b - 4 +0 dwarvish spears (in quiver) Armor e - a cursed -2 pair of fumble boots h - a blessed greased +1 dwarvish cloak (being worn) r - an uncursed +0 pair of speed boots (being worn) N - a blessed greased +1 orcish helm (being worn) Y - an uncursed +0 dwarvish mithril-coat (being worn) Comestibles g - 3 uncursed sprigs of wolfsbane k - an uncursed eucalyptus leaf x - 6 uncursed food rations Z - an uncursed lizard corpse Scrolls u - an uncursed scroll of create monster Potions i - 2 uncursed potions of sleeping j - an uncursed potion of gain ability l - an uncursed potion of healing t - a cursed potion of acid S - an uncursed potion of levitation Rings c - an uncursed +2 ring of increase damage Wands d - a wand of fire (0:3) J - a wand of teleportation (0:3) L - a wand of digging (0:4) Tools f - a +0 pick-axe m - an uncursed blindfold n - an uncursed magic lamp q - a -2 unicorn horn y - an uncursed skeleton key E - an uncursed stethoscope Gems z - an uncursed luckstone Spells and supernatural/magical abilities: Name Level Category Fail Memory W - pray for help -- divine ? -- Your skills at the end: Miscellaneous Skills bare handed combat [Basic] stealth [Skilled] Weapon Skills scimitar [Basic] club [Basic] spear [Skilled] sling [Basic] Spellcasting Skills Final Attributes: You were fervently aligned. You were cold resistant. You were sleep resistant. You were poison resistant. Your writing hand was ok. You saw invisible. You were telepathic. You had infravision. You were invisible to others. You were stealthy. You were protected. You were very fast. You had reflection. You were lucky. You had extra luck. Bad luck did not time out for you. Good luck did not time out for you. You are dead. Vanquished creatures: a lich 2 giant mimics a large mimic a stalker 2 wargs a winter wolf a quantum mechanic 5 small mimics a warhorse a troll a sasquatch a freezing sphere a flaming sphere a shocking sphere a large cat 3 tengu an ochre jelly 2 crocodiles a human mummy a red naga a python a leather golem an incubus a giant beetle a cockatrice 2 black lights a panther 26 leprechauns 2 lizards a mountain nymph 3 giant spiders an iron piercer a horse a forest centaur 2 gnome kings an orc mummy a dwarf mummy a brown pudding 2 yetis a gold golem 2 dogs 2 housecats a dwarf lord a blue jelly a water nymph 2 gray unicorns a raven 2 plains centaurs a gnome mummy a Woodland-elf 6 water moccasins 2 apes 2 soldier ants a yellow light 8 bugbears a wood nymph 3 Mordor orcs an Uruk-hai a rock mole 2 ponies 2 fog clouds a shrieker a violet fungus 18 gnome lords 4 gnomish wizards a golden naga hatchling a gray ooze a straw golem 3 giant ants 4 puppies 3 floating eyes 4 kittens 20 dwarves 2 homunculi 2 kobold lords 3 iguanas 4 hill orcs a centipede 5 jitterbugs 3 giant bats 5 orc zombies 3 wererats a werejackal 14 killer bees a coyote 4 gas spores 8 hobbits 3 acid blobs a large kobold 4 geckos 7 hobgoblins 4 giant rats 2 cave spiders a brown mold 3 yellow molds 2 green molds 4 red molds 65 gnomes 8 garter snakes 2 manes 4 jackals 2 foxes 5 kobolds 8 newts 3 goblins 3 sewer rats 5 grid bugs 3 bats 4 lichens a kobold zombie 384 creatures vanquished. Voluntary challenges: You were not invisible. You were not displaced. You used a wielded weapon 824 times, starting on turn 72. You did not use sinks. You read items or engraved 8 times, starting on turn 3537. You never genocided any monsters. You never polymorphed an object. You never changed form. You completed Sokoban on turn 4843, according to the rules. You used no wishes. You never split a pudding. You never wrote Elbereth's name. You violated your moral code, losing 1 point of alignment, starting on turn 2232. Dungeon overview: The Dungeons of Doom: levels 1 to 16 Level 1 (v) an altar to Anu a long staircase Level 2 (v) a potion shop Level 3 a general store Level 4 a jewelry store stairs to The Gnomish Mines Level 5 ( ) Level 6 (w) Level 7 a delicatessen Level 8 (w) Level 9 stairs to Sokoban Level 10 a general store Level 11 (leprechauns) Level 12 Level 13 an armor shop Level 14 (v + quest) a fountain, a sink Level 15 <- You were here a sink, a throne Level 16 a fountain The Gnomish Mines: levels 5 to 13 Level 5 stairs to The Dungeons of Doom Level 6 Level 7 Level 8 (l) many shops, a temple to Ishtar, a magic chest, some fountains, some trees Level 9 Level 10 Level 11 Level 12 Level 13 some altars to Moloch, a magic chest, some fountains Sokoban: levels 5 to 8 Level 5 a magic chest Level 6 Level 7 Level 8 an altar to Ishtar, a magic chest stairs to The Dungeons of Doom History has recorded: On T:1 you entered the Dungeons of Doom to retrieve the Amulet of Yendor! On T:235 you reached level 2 of The Dungeons of Doom. On T:486 you reached level 3 of The Dungeons of Doom. On T:683 you advanced to experience level 2. On T:897 you advanced to experience level 3. On T:1017 you reached level 4 of The Dungeons of Doom. On T:1048 you advanced to experience level 4. On T:1318 you reached level 5 of The Dungeons of Doom. On T:1654 you advanced to experience level 5. On T:1660 you reached level 1 of The Gnomish Mines. On T:1993 you advanced to experience level 6. On T:1995 you prayed to Anshar. On T:2102 you reached level 6 of The Dungeons of Doom. On T:2365 you advanced to experience level 7. On T:2503 you reached level 7 of The Dungeons of Doom. On T:2531 you prayed to Anshar. On T:2713 you reached level 8 of The Dungeons of Doom. On T:2909 you reached level 9 of The Dungeons of Doom. On T:3462 you reached level 4 of Sokoban. On T:3536 you opened a magic chest. On T:3741 you reached level 3 of Sokoban. On T:3918 you reached level 2 of Sokoban. On T:4185 you reached level 1 of Sokoban. On T:4843 you advanced to experience level 8. On T:4843 you entered the Sokoban zoo. On T:4867 you prayed to Anshar. On T:5359 you reached level 2 of The Gnomish Mines. On T:5400 you reached level 3 of The Gnomish Mines. On T:5475 you reached level 4 of The Gnomish Mines. On T:6518 you reached level 5 of The Gnomish Mines. On T:6606 you entered the Minetown temple On T:6701 you advanced to experience level 9. On T:7062 you reached level 6 of The Gnomish Mines. On T:7273 you reached level 7 of The Gnomish Mines. On T:7779 you reached level 8 of The Gnomish Mines. On T:8191 you prayed to Anshar. On T:8281 you reached level 9 of The Gnomish Mines. On T:8281 you reached the bottom of the Mines. On T:9473 you advanced to experience level 10. On T:9543 you reached level 10 of The Dungeons of Doom. On T:9581 you reached level 11 of The Dungeons of Doom. On T:10345 you reached level 12 of The Dungeons of Doom. On T:11300 you reached level 13 of The Dungeons of Doom. On T:11698 you reached level 14 of The Dungeons of Doom. On T:11910 you reached level 15 of The Dungeons of Doom. On T:12080 you reached level 16 of The Dungeons of Doom. Score breakdown: Gold: 1503 ( 150 points) Experience: 10 levels ( 900 points) Exploration: 16 levels ( 450 points) Discoveries: 46 items ( 2000 points) Variety of kills: 110 monsters ( 2000 points) Major goal: Sokoban/Mines ( 1500 points) Survival: died (score multiplied by 3) Total score: 21000 Latest messages: You kill the hobgoblin! Your conscience bothers you a little less. You feel more chaotic. The troll misses. The troll claws you! The troll bites! The bugbear misses. You see here a hobgoblin corpse. There are a few objects here. You jab the bugbear! The bugbear misses. You kill the bugbear! You jab the orc-captain. You jab the orc-captain! The troll claws you! The troll misses. The troll bites! You finish searching. You stop searching. You jab the winged gargoyle! The winged gargoyle zaps a wand of striking! The wand hits you! You jab the winged gargoyle! (2x) The winged gargoyle claws you! (2x) You die... Final status: Goodbye woodfighter the Cavewoman, killed by a winged gargoyle... You died in The Dungeons of Doom on dungeon level 15 with 21000 points, and 1503 pieces of gold, after 12551 moves. You were level 10 with a maximum of 87 hit points when you died.